[Event "Portuguese Associations Cup 2019"]
[Site "Almada"]
[Date "2019.09.28"]
[Round "1.1"]
[White "Rodrigues, Pedro Filipe"]
[Black "Rocha, Sergio"]
[Result "1/2-1/2"]
[ECO "B23"]
[WhiteElo "2027"]
[BlackElo "2356"]
[Annotator "NA"]
[PlyCount "95"]
[EventDate "2019.09.28"]
[EventType "swiss"]
[EventCountry "POR"]
[SourceTitle "playchess.com"]
[Source "ChessBase"]
[SourceQuality "1"]
[TimeControl "5400+30"]

1. e4 c5 2. Nc3 Nc6 3. f4 e6 4. Bb5 Nd4 5. Nf3 Nf6 6. Bd3 d5 7. e5 Nxf3+ 8. Qxf3 Nd7 9. b3 a6 10. a4 g6 11. O-O Bg7 12. Kh1 O-O 13. Re1 b6 14. Bb2 Bb7 15. Nd1 Qc7 16. Nf2 Rae8 17. Ng4 f5 18. exf6 Nxf6 19. Be5 Qd7 20. Nxf6+ Bxf6 21. Qg4 Qf7 22. Rf1 Bc8 23. Rae1 Qg7 24. Qe2 a5 25. Kg1 Rf7 26. Qg4 Ref8 27. g3 Bd7 28. c4 d4 29. Bxf6 Rxf6 30. Re5 R8f7 31. Rfe1 Qf8 32. h4 Rg7 33. Kg2 Qf7 34. R1e2 Kh8 35. Qg5 Rg8 36. Be4 Rf5 37. Qg4 Rxe5 38. fxe5 Rf8 39. Bf3 Kg7 40. Qe4 Qf5 41. Rf2 Rf7 42. d3 Bc8 43. g4 Qf4 44. Qxf4 Rxf4 45. Kg3 Rf7 46. Be4 Bd7 47. Rxf7+ Kxf7 48. g5 1/2-1/2

[Event "Portuguese Associations Cup 2019"]
[Site "Almada"]
[Date "2019.09.28"]
[Round "1.2"]
[White "Carvalho, Emanuel Jose"]
[Black "Constantino, Paulo Jorge R"]
[Result "1-0"]
[ECO "B29"]
[WhiteElo "2025"]
[BlackElo "1533"]
[Annotator "NA"]
[PlyCount "65"]
[EventDate "2019.09.28"]
[EventType "swiss"]
[EventCountry "POR"]
[SourceTitle "playchess.com"]
[Source "ChessBase"]
[SourceQuality "1"]
[TimeControl "5400+30"]

1. e4 c5 2. Nf3 Nf6 3. Nc3 Nc6 4. d4 cxd4 5. Nxd4 a6 6. Be3 d6 7. Be2 Nxd4 8. Qxd4 e5 9. Qd2 Ng4 10. Bg5 f6 11. Bh4 Be6 12. Nd5 Rc8 13. Rd1 g5 14. Bg3 f5 15. h3 f4 16. Bxg4 Bxd5 17. Bxc8 Bxe4 18. Be6 Bxg2 19. Rg1 Bf3 20. Rc1 Qe7 21. Bd5 Bxd5 22. Qxd5 fxg3 23. Rxg3 h5 24. Rd1 Qf6 25. Rf3 Qe7 26. Rb3 Rh7 27. Rdd3 g4 28. Re3 Rg7 29. Rbc3 Qd7 30. hxg4 Rxg4 31. Rg3 Rd4 32. Qf3 Qh7 33. Rc8+ 1-0

[Event "Portuguese Associations Cup 2019"]
[Site "Almada"]
[Date "2019.09.28"]
[Round "1.3"]
[White "Custodio, Marco Miguel Rogerio"]
[Black "Reis, Luis Simoes"]
[Result "1/2-1/2"]
[ECO "D85"]
[WhiteElo "1775"]
[BlackElo "1867"]
[Annotator "NA"]
[PlyCount "113"]
[EventDate "2019.09.28"]
[EventType "swiss"]
[EventCountry "POR"]
[SourceTitle "playchess.com"]
[Source "ChessBase"]
[SourceQuality "1"]
[TimeControl "5400+30"]

1. Nf3 Nf6 2. d4 g6 3. c4 Bg7 4. Nc3 d5 5. cxd5 Nxd5 6. e4 Nxc3 7. bxc3 O-O 8. Bc4 c5 9. O-O Nc6 10. Be3 Bg4 11. e5 cxd4 12. cxd4 Rc8 13. Be2 Qa5 14. Qb3 Qb4 15. Qxb4 Nxb4 16. Rab1 Nxa2 17. Rxb7 Nc3 18. Ba6 e6 19. Rxa7 Ra8 20. Rxa8 Rxa8 21. Bd3 Rd8 22. Bg5 Rd7 23. Rc1 h6 24. Be3 Na2 25. Rc8+ Kh7 26. Bb1 Nb4 27. Rc4 Nd5 28. Ne1 Be2 29. Bd3 Bxd3 30. Nxd3 Ra7 31. Nc5 Ra3 32. Bc1 Ra1 33. Kf1 Nb4 34. Rxb4 Rxc1+ 35. Ke2 Rc2+ 36. Ke3 Bxe5 37. Kd3 Rxf2 38. dxe5 Rxg2 39. Rh4 g5 40. Rh3 Kg6 41. Ke3 Ra2 42. Nd3 h5 43. Ke4 Ra4+ 44. Ke3 Ra2 45. Ke4 Ra4+ 46. Ke3 Ra2 47. Nf2 g4 48. Rg3 Kf5 49. h3 gxh3 50. Rxh3 Ra3+ 51. Nd3 Kg4 52. Rf3 h4 53. Rf1 h3 54. Rxf7 h2 55. Rh7 Kg3 56. Rg7+ Kh3 57. Ke4 1/2-1/2

[Event "Portuguese Associations Cup 2019"]
[Site "Almada"]
[Date "2019.09.28"]
[Round "1.4"]
[White "Goncalves, Samuel Jesus P"]
[Black "Gaboleiro, Guilherme"]
[Result "1-0"]
[ECO "B30"]
[WhiteElo "1679"]
[BlackElo "1850"]
[Annotator "NA"]
[PlyCount "69"]
[EventDate "2019.09.28"]
[EventType "swiss"]
[EventCountry "POR"]
[SourceTitle "playchess.com"]
[Source "ChessBase"]
[SourceQuality "1"]
[TimeControl "5400+30"]

1. e4 c5 2. Nf3 Nc6 3. Bb5 Qc7 4. O-O d6 5. Qe2 a6 6. Bxc6+ Qxc6 7. h3 e6 8. Rd1 Be7 9. c3 Nf6 10. d3 O-O 11. Nbd2 b5 12. Nf1 Bb7 13. Bg5 Rfe8 14. Ng3 Rad8 15. Rac1 h6 16. Bxf6 Bxf6 17. d4 g6 18. Nh2 Bg5 19. Rc2 h5 20. f3 Rc8 21. Qf2 Bh4 22. Nhf1 f5 23. Qd2 Kh7 24. d5 exd5 25. exf5 c4 26. fxg6+ Kxg6 27. Qf4 Bxg3 28. Qxg3+ Kh6 29. Rd4 Qd7 30. Ne3 Rg8 31. Qf4+ Kh7 32. Nxd5 Bxd5 33. Rxd5 Rc5 34. Rcd2 Qxh3 35. Qf7+ 1-0

[Event "Portuguese Associations Cup 2019"]
[Site "Almada"]
[Date "2019.09.29"]
[Round "2.1"]
[White "Dias, Ivo Rodrigues"]
[Black "Pinto, Andre Filipe Silva"]
[Result "1-0"]
[ECO "B27"]
[WhiteElo "2115"]
[BlackElo "2007"]
[Annotator "ChessBase"]
[PlyCount "63"]
[EventDate "2019.09.28"]
[EventType "swiss"]
[EventCountry "POR"]
[SourceTitle "playchess.com"]
[Source "ChessBase"]
[SourceQuality "1"]
[TimeControl "5400+30"]

1. e4 c5 2. Nf3 g6 3. d4 cxd4 4. Qxd4 Nf6 5. Nc3 Nc6 6. Qa4 Bg7 7. e5 Ng8 8. Bf4 f6 9. exf6 Nxf6 10. O-O-O O-O 11. Bb5 Nh5 12. Be3 e6 13. Ne4 Nf4 14. Bc5 Rf5 15. g4 Rd5 16. Bd6 Rxd1+ 17. Rxd1 Nd5 18. g5 a6 19. Bxc6 bxc6 20. Qa3 Qe8 21. c4 Nb6 22. Qb4 Qd8 23. Ne5 a5 24. Qc5 Na4 25. Qa3 Nb6 26. Qf3 Bxe5 27. Bxe5 Nxc4 28. Nf6+ Kh8 29. Qf4 Nxe5 30. Qxe5 Qe7 31. Nxd7+ Kg8 32. Nb6 1-0

[Event "Portuguese Associations Cup 2019"]
[Site "Almada"]
[Date "2019.09.29"]
[Round "2.2"]
[White "Batalha, Rui Gomes"]
[Black "Novais, Carlos Joao Fernande"]
[Result "1-0"]
[ECO "C01"]
[WhiteElo "1733"]
[BlackElo "2051"]
[Annotator "NA"]
[PlyCount "83"]
[EventDate "2019.09.28"]
[EventType "swiss"]
[EventCountry "POR"]
[SourceTitle "playchess.com"]
[Source "ChessBase"]
[SourceQuality "1"]
[TimeControl "5400+30"]

1. e4 e6 2. d4 d5 3. exd5 exd5 4. Nf3 Bd6 5. Bd3 Nc6 6. Bg5 Nge7 7. O-O Bg4 8. c3 Qd7 9. Nbd2 Bf5 10. Bxf5 Qxf5 11. Re1 f6 12. Bh4 O-O-O 13. Bg3 g5 14. Bxd6 Rxd6 15. Qb1 Qf4 16. Nf1 g4 17. Nh4 Qg5 18. g3 f5 19. Qc1 f4 20. b4 Rf8 21. b5 Na5 22. Re5 Qg7 23. Qe1 Kd7 24. Nd2 b6 25. Rc1 c6 26. c4 Nxc4 27. Nxc4 dxc4 28. Rxc4 cxb5 29. Rc7+ Kd8 30. Rcxe7 Qf6 31. Qe4 Rc6 32. Qd5+ Qd6 33. Qxd6+ Rxd6 34. gxf4 Rxd4 35. Rxa7 Rfxf4 36. Rg5 Rf8 37. Nf5 Rc4 38. Ra8+ Rc8 39. Rxc8+ Kxc8 40. Nd6+ Kd7 41. Nxb5 Ra8 42. a3 1-0

[Event "Portuguese Associations Cup 2019"]
[Site "Almada"]
[Date "2019.09.29"]
[Round "2.3"]
[White "Silva, Mariana Sofia T."]
[Black "Marques, Jose Carlos Capela"]
[Result "1-0"]
[ECO "A04"]
[WhiteElo "1882"]
[BlackElo "2014"]
[Annotator "NA"]
[PlyCount "103"]
[EventDate "2019.09.28"]
[EventType "swiss"]
[EventCountry "POR"]
[SourceTitle "playchess.com"]
[Source "ChessBase"]
[SourceQuality "1"]
[TimeControl "5400+30"]

1. Nf3 Nc6 2. d4 e6 3. g3 h6 4. Bg2 Nf6 5. O-O Be7 6. c4 d5 7. b3 O-O 8. Bb2 Bd7 9. Nc3 Bb4 10. Rc1 Rb8 11. a3 Bxc3 12. Bxc3 a6 13. Nd2 Qe7 14. Bb2 Rfd8 15. Qc2 Be8 16. Rfd1 Rbc8 17. e4 dxe4 18. Nxe4 Nxe4 19. Bxe4 Rb8 20. Qc3 f6 21. Qe3 Kh8 22. Re1 Qf7 23. Bb1 Bd7 24. Qd3 f5 25. Qc3 Ne7 26. Rcd1 Bc6 27. Qe3 Qh5 28. d5 f4 29. Qxe6 fxg3 30. fxg3 Nxd5 31. cxd5 Bxd5 32. Qg6 Qxg6 33. Bxg6 Bxb3 34. Rxd8+ Rxd8 35. Re8+ Rxe8 36. Bxe8 a5 37. Bc3 a4 38. Kf2 Kg8 39. Bg6 c5 40. Be5 b5 41. Bd6 b4 42. Bxc5 bxa3 43. Bxa3 Bf7 44. Be4 Bb3 45. h4 Kf7 46. h5 Kf6 47. Bb2+ Kg5 48. Bg6 Bd1 49. Bc1+ Kf6 50. Ke3 Bg4 51. Kf4 Bd1 52. Bb2+ 1-0

[Event "Portuguese Associations Cup 2019"]
[Site "Almada"]
[Date "2019.09.29"]
[Round "2.4"]
[White "Pais, Ricardo Emanuel Pere"]
[Black "Silva, Ana Ines Teixeira Da"]
[Result "1/2-1/2"]
[ECO "C44"]
[WhiteElo "1825"]
[BlackElo "1738"]
[Annotator "NA"]
[PlyCount "67"]
[EventDate "2019.09.28"]
[EventType "swiss"]
[EventCountry "POR"]
[SourceTitle "playchess.com"]
[Source "ChessBase"]
[SourceQuality "1"]
[TimeControl "5400+30"]

1. e4 e5 2. Nf3 Nc6 3. d4 exd4 4. Nxd4 Bb4+ 5. c3 Bc5 6. Be3 Bb6 7. g3 Nf6 8. f4 Nxe4 9. Bg2 Nf6 10. O-O O-O 11. Nd2 Nxd4 12. Bxd4 Bxd4+ 13. cxd4 d5 14. Rc1 c6 15. Qb3 Qb6 16. Qxb6 axb6 17. a3 Bf5 18. Rfe1 Rfe8 19. Re5 Rxe5 20. dxe5 Ne8 21. Kf2 Nc7 22. Bf1 c5 23. h3 Rd8 24. g4 Bd7 25. Nf3 Bc6 26. Bd3 d4 27. Ng5 h6 28. Ne4 Nd5 29. Kg3 Ne3 30. Nd6 Nd5 31. Bc4 Rd7 32. h4 Nc7 33. b4 cxb4 34. axb4 1/2-1/2

[Event "Portuguese Associations Cup 2019"]
[Site "Almada"]
[Date "2019.09.29"]
[Round "3.1"]
[White "Rocha, Sergio"]
[Black "Dias, Ivo Rodrigues"]
[Result "1-0"]
[ECO "A13"]
[WhiteElo "2356"]
[BlackElo "2115"]
[Annotator "NA"]
[PlyCount "71"]
[EventDate "2019.09.28"]
[EventType "swiss"]
[EventCountry "POR"]
[SourceTitle "playchess.com"]
[Source "ChessBase"]
[SourceQuality "1"]
[TimeControl "5400+30"]

1. c4 e6 2. Nc3 d5 3. d4 Bb4 4. e3 Nf6 5. Bd3 e5 6. dxe5 dxc4 7. Qa4+ Nc6 8. Bxc4 Ng4 9. Nf3 O-O 10. O-O Bxc3 11. bxc3 Ncxe5 12. Nxe5 Nxe5 13. Be2 Qe7 14. Bb2 Re8 15. Rad1 Be6 16. c4 Nd7 17. Ba3 c5 18. Bb2 a6 19. Qa5 f6 20. Qc3 Ne5 21. a4 b6 22. Qb3 Nf7 23. Bf3 Rab8 24. Bd5 Bd7 25. Qc2 Kh8 26. Rd2 Nd6 27. e4 Nf7 28. Re1 Nd8 29. e5 fxe5 30. Rxe5 Qh4 31. g3 Qh6 32. Qf5 Nc6 33. Rxe8+ Rxe8 34. Qxd7 Rd8 35. Bxg7+ Qxg7 36. Qxc6 1-0

[Event "Portuguese Associations Cup 2019"]
[Site "Almada"]
[Date "2019.09.29"]
[Round "3.2"]
[White "Novais, Carlos Joao Fernande"]
[Black "Carvalho, Emanuel Jose"]
[Result "1/2-1/2"]
[ECO "A45"]
[WhiteElo "2051"]
[BlackElo "2025"]
[Annotator "NA"]
[PlyCount "100"]
[EventDate "2019.09.28"]
[EventType "swiss"]
[EventCountry "POR"]
[SourceTitle "playchess.com"]
[Source "ChessBase"]
[SourceQuality "1"]
[TimeControl "5400+30"]

1. d4 Nf6 2. Bg5 Ne4 3. Bf4 g6 4. f3 Nf6 5. e4 d6 6. c4 Bg7 7. Nc3 O-O 8. Qd2 c6 9. O-O-O Qa5 10. Nge2 b5 11. Ng3 b4 12. Nb1 Qxa2 13. Qxb4 c5 14. dxc5 Nc6 15. Qa3 Qxa3 16. Nxa3 dxc5 17. Be3 Rb8 18. Nb5 Nd7 19. Ne2 a6 20. Nbc3 Nb6 21. Nf4 Nd4 22. Nfd5 Nxd5 23. cxd5 Rb4 24. Na2 Rb6 25. Bc4 Bd7 26. Bd2 Bb5 27. Bxb5 axb5 28. Bc3 b4 29. Bxd4 Bxd4 30. Kb1 Ra8 31. Nc1 Bf6 32. f4 c4 33. e5 Bg7 34. Rd4 Rc8 35. Ne2 f6 36. Rc1 c3 37. Re4 fxe5 38. fxe5 Bh6 39. Rc2 Ra8 40. Nc1 Bxc1 41. Rxc1 cxb2 42. Rcc4 b3 43. Rb4 Ra1+ 44. Kxb2 Rxb4 45. Rxb4 Ra2+ 46. Kxb3 Rxg2 47. Rb7 Kf8 48. d6 exd6 49. exd6 Rd2 50. Rb6 Ke8 1/2-1/2

[Event "Portuguese Associations Cup 2019"]
[Site "Almada"]
[Date "2019.09.29"]
[Round "3.3"]
[White "Reis, Luis Simoes"]
[Black "Silva, Mariana Sofia T."]
[Result "1/2-1/2"]
[ECO "A48"]
[WhiteElo "1867"]
[BlackElo "1882"]
[Annotator "NA"]
[PlyCount "75"]
[EventDate "2019.09.28"]
[EventType "swiss"]
[EventCountry "POR"]
[SourceTitle "playchess.com"]
[Source "ChessBase"]
[SourceQuality "1"]
[TimeControl "5400+30"]

1. d4 Nf6 2. Nf3 g6 3. Bg5 Bg7 4. Nbd2 d5 5. e3 O-O 6. Be2 h6 7. Bh4 b6 8. O-O Bb7 9. b4 Nbd7 10. c3 Ne8 11. Rb1 Nd6 12. a4 Nf6 13. Qc2 Bc8 14. Ne5 c5 15. bxc5 bxc5 16. dxc5 Nf5 17. Bxf6 Bxf6 18. Ndf3 Qc7 19. Nd3 e5 20. Nd2 e4 21. Nf4 Qxc5 22. Rb5 Qxc3 23. Qxc3 Bxc3 24. Nb1 d4 25. Nxc3 dxc3 26. Rc5 Bd7 27. Rxc3 Bxa4 28. Ra1 Bd7 29. Rc7 Rfd8 30. Raxa7 Rxa7 31. Rxa7 Ng7 32. h3 Ne6 33. Nd5 Kg7 34. Bc4 Nc5 35. Nf4 Re8 36. Bd5 Kf6 37. Ba2 Kg7 38. Bd5 1/2-1/2

[Event "Portuguese Associations Cup 2019"]
[Site "Almada"]
[Date "2019.09.29"]
[Round "3.4"]
[White "Silva, Ana Ines Teixeira Da"]
[Black "Mira, Vitor"]
[Result "1-0"]
[ECO "C44"]
[WhiteElo "1738"]
[BlackElo "1588"]
[Annotator "NA"]
[PlyCount "71"]
[EventDate "2019.09.28"]
[EventType "swiss"]
[EventCountry "POR"]
[SourceTitle "playchess.com"]
[Source "ChessBase"]
[SourceQuality "1"]
[TimeControl "5400+30"]

1. e4 e5 2. Nf3 Nc6 3. d4 exd4 4. Nxd4 Nxd4 5. Qxd4 c5 6. Qe3 Nf6 7. Nc3 d6 8. Bc4 Ng4 9. Qe2 Ne5 10. Bb5+ Bd7 11. Bxd7+ Qxd7 12. O-O Be7 13. Bf4 O-O 14. Rad1 Qc6 15. Nd5 Rfe8 16. Rd2 b5 17. b3 c4 18. Rfd1 Bf8 19. Rd4 Rac8 20. f3 cxb3 21. cxb3 a5 22. Ne3 g6 23. Rd5 Rb8 24. Nc2 Rec8 25. Nd4 Qd7 26. Bxe5 Rc5 27. Rxc5 dxe5 28. Rxe5 Bg7 29. Rd5 Qa7 30. Kh1 Bxd4 31. R5xd4 b4 32. Rd8+ Rxd8 33. Rxd8+ Kg7 34. Qb2+ Kh6 35. Qd2+ Kg7 36. Qd4+ {[%emt 0:00:13] Kf8} 1-0